 Dungeon Crawl Stone Soup version 0.23.0 (webtiles) character file.

Game seed: 6996988921255083437

1878 theswoord the Carver (level 9, 0/75 HPs)
             Began as a Naga Berserker on Feb 13, 2019.
             Was an Elder of Trog.
             Slain by a two-headed ogre
             ... wielding a +0 giant club
              (7 damage)
             ... on level 8 of the Dungeon.
             The game lasted 00:11:17 (5846 turns).

theswoord the Carver (Naga Berserker)               Turns: 5846, Time: 00:11:18

Health: 0/75       AC: 11    Str: 23    XL:     9   Next: 14%
Magic:  9/9        EV:  9    Int: 14    God:    Trog [****..]
Gold:   250        SH:  0    Dex: 13    Spells: 8/8 levels left

rFire    . . .     SeeInvis +   i - +3 falchion (holy)
rCold    . . .     Gourm    .   (no shield)
rNeg     . . .     Faith    .   s - +4 ring mail "Zemeic" {*Contam Str+3 Int+6}
rPois    +         Spirit   .   (helmet restricted)
rElec    .         Reflect  .   (no cloak)
rCorr    +         Harm     .   (no gloves)
MR       +....                  (no barding)
Stlth    +.........             (no amulet)
HPRegen  0.22/turn              e - ring of resist corrosion
MPRegen  0.11/turn              t - ring of flight

@: berserk cooldown, lightly drained, very slow
A: large, antennae 2, molten scales 1, see invisible, deformed body, poison
resistance, slowness 2, slow metabolism 1, spit poison 1, AC +3
a: Spit Poison, Berserk, Trog's Hand, Brothers in Arms, Renounce Religion, Evoke
Flight


You were on level 8 of the Dungeon.
You worshipped Trog.
Trog was greatly pleased with you.
You were hungry.

You visited 1 branch of the dungeon, and saw 8 of its levels.

You collected 250 gold pieces.

Inventory:

Hand Weapons
 a - a +1 falchion
 i - a +3 falchion of holy wrath (weapon)
Armour
 b - a +0 animal skin
 d - a +0 scale mail
 j - a +0 leather armour
 o - a +2 scale mail of cold resistance
 s - the +4 ring mail "Zemeic" (worn) {*Contam Str+3 Int+6}
   (You found it on level 6 of the Dungeon)

   It affects your strength (+3).
   It affects your intelligence (+6).
   It causes magical contamination when unequipped.
Jewellery
 e - a ring of resist corrosion (left hand)
 m - an uncursed ring of see invisible
 t - a ring of flight (right hand)
Scrolls
 h - 2 scrolls of enchant armour
 r - 3 scrolls of identify
Potions
 k - 3 potions of curing
 n - a potion of brilliance
Comestibles
 c - 9 rations


   Skills:
 - Level 3.0(2.6) Fighting
 + Level 11.7(11.3) Long Blades
 - Level 1.5(1.2) Armour
 - Level 1.5(1.2) Dodging


You had 8 spell levels left.
You didn't know any spells.
Your spell library was empty.

Dungeon Overview and Level Annotations

Branches:
Dungeon (8/15)             Temple (0/1) D:4
   Lair: D:8-11

Altars:
Ashenzari
Dithmenos
Fedhas
Okawaru
Qazlal
Uskayaw
Wu Jian
Xom


Innate Abilities, Weirdness & Mutations

You cannot wear boots.
Your serpentine skin is tough. (AC +3)
You have supernaturally acute eyesight. (SInv)
Armour fits poorly on your strangely shaped body.
Your system is resistant to poisons. (rPois)
You cover ground very slowly.
You have a slow metabolism.
You can spit poison.
You have a pair of antennae on your head.
You are partially covered in molten scales. (AC +2)


Message History

You feel your anger nearly subside.
You are no longer berserk.
You are exhausted.
You feel yourself slow down.
You feel sick.
You start resting.
You hear the faint creaking of a distant portcullis.
You start resting.
You feel sick. x6
A two-headed ogre comes into view. It is wielding two +0 giant clubs.
You feel sick.
You are no longer poisoned.
The two-headed ogre shouts in stereo!
Okay, then.
Really quaff the potion of mutation?
You feel extremely strange. A pair of antennae grows on your head!
The antennae on your head grow some more.
Molten scales grow over part of your body.
You feel yourself speed up.
Okay, then.
The two-headed ogre hits you with a +0 giant club!
You die...

..........#
..........#
.........>#
..........#
..........#
......)...#
..........######+###
......!..O.........#
.........@...<.....#
....$..............#
.######+####.......#
#.......# #<......#
+.........
#.......## #.......#
#....>..#


You could see a two-headed ogre.

Vanquished Creatures
  Pikel (D:5)
  Eustachio (D:6)
  Edmund (D:6)
  A black bear (D:6)
  An ice beast (D:6)
  A phantom (D:6)
  A centaur (D:6)
  2 bullfrogs
  A scorpion (D:8)
  2 wights (D:7)
  A crimson imp (D:5)
  A centaur zombie (D:5)
  A bullfrog zombie (D:6)
  3 orc priests
  A bullfrog skeleton (D:5)
  Ijyb (D:4)
  2 orc wizards
  2 worker ants
  A hound skeleton (D:5)
  9 adders
  2 shadow imps
  2 oozes
  2 adder skeletons
  3 worms
  3 leopard geckos
  17 orcs
  3 ball pythons
  3 giant cockroaches
  8 goblins
  8 hobgoblins
  11 jackals
  2 quokkas
  9 bats
  2 frilled lizards
  8 kobolds
  12 rats
129 creatures vanquished.

Vanquished Creatures (others)
  A sky beast (D:5)
  2 slaves (D:5)
  A centaur (D:5)
  An adder (D:5)
  A shadow imp (D:5)
  A quokka (D:5)
7 creatures vanquished.

Grand Total: 136 creatures vanquished

Notes
Turn   | Place    | Note
-------+----------+-------------------------------------------
     0 | D:1      | theswoord the Naga Berserker began the quest for the Orb.
     0 | D:1      | Reached XP level 1. HP: 21/21 MP: 1/1
   293 | D:1      | Reached XP level 2. HP: 22/28 MP: 2/2
   854 | D:1      | Reached skill level 4 in Long Blades
   950 | D:1      | Reached XP level 3. HP: 27/34 MP: 3/3
  1332 | D:2      | Found a stormy altar of Qazlal.
  1332 | D:2      | Found a shadowy altar of Dithmenos.
  1337 | D:2      | Found a faded altar of an unknown god.
  1339 | D:2      | Found a faded altar of an unknown god.
  1341 | D:2      | Found a hide-covered altar of Uskayaw.
  1375 | D:2      | Reached ** piety under Trog
  2041 | D:3      | Reached XP level 4. HP: 42/42 MP: 4/4
  2050 | D:3      | Reached skill level 5 in Long Blades
  2189 | D:3      | Reached XP level 5. HP: 45/49 MP: 5/5
  2621 | D:3      | Reached *** piety under Trog
  2643 | D:3      | Reached skill level 6 in Long Blades
  2839 | D:4      | Reached XP level 6. HP: 56/56 MP: 6/6
  2915 | D:4      | Found a shattered altar of Ashenzari.
  2935 | D:4      | Found a staircase to the Ecumenical Temple.
  3123 | D:4      | Noticed Ijyb
  3154 | D:4      | Killed Ijyb
  3823 | D:5      | Entered Level 5 of the Dungeon
  3823 | D:5      | Noticed a slave
  3825 | D:5      | Noticed a slave
  3827 | D:5      | Noticed Pikel
  3827 | D:5      | Noticed a slave
  3830 | D:5      | Noticed a slave
  3849 | D:5      | Killed Pikel
  3849 | D:5      | Reached skill level 8 in Long Blades
  3849 | D:5      | Reached XP level 7. HP: 62/62 MP: 7/7
  3920 | D:5      | Reached skill level 9 in Long Blades
  4039 | D:5      | Found an iron altar of Okawaru.
  4048 | D:5      | Found a shimmering altar of Xom.
  4118 | D:5      | Killed a freed slave
  4176 | D:5      | Found an ornate altar of the Wu Jian Council.
  4305 | D:5      | Reached XP level 8. HP: 49/69 MP: 8/8
  4565 | D:6      | Noticed Edmund
  4582 | D:6      | Killed Edmund
  4637 | D:6      | Noticed Eustachio
  4643 | D:6      | Reached skill level 10 in Long Blades
  4655 | D:6      | Killed Eustachio
  4782 | D:6      | Reached skill level 11 in Long Blades
  4787 | D:6      | Reached **** piety under Trog
  4894 | D:6      | Found a blossoming altar of Fedhas.
  5545 | D:6      | Reached XP level 9. HP: 72/75 MP: 9/9
  5584 | D:6      | Got a steaming ring mail
  5595 | D:6      | Identified the +4 ring mail "Zemeic" {*Contam Str+3 Int+6}
                  | (You found it on level 6 of the Dungeon)
  5841 | D:8      | Noticed a two-headed ogre
  5844 | D:8      | Gained mutation: You have a pair of small antennae on your
                  | head. [potion of mutation]
  5844 | D:8      | Gained mutation: You have a pair of antennae on your head.
                  | [potion of mutation]
  5844 | D:8      | Gained mutation: You are partially covered in molten
                  | scales. (AC +2) [potion of mutation]
  5846 | D:8      | Slain by a two-headed ogre

Skill      XL: |  1  2  3  4  5  6  7  8 |
---------------+-------------------------+-----
Long Blades    | 4 5 6 8 9 11 | 11.7
Fighting       | |  3.0
Armour         | |  1.5
Dodging        | |  1.5

Action                   |  1- 3 |  4- 6 |  7- 9 || total
-------------------------+-------+-------+-------++-------
Melee: Falchion          |   131 |   159 |   183 ||   473
Invok: Berserk           |     2 |     3 |     5 ||    10
 Abil: Spit Poison       |     8 |     7 |       ||    15
  Use: Scroll            |       |    11 |     5 ||    16
       Potion            |       |     4 |     3 ||     7
 Stab: Sleeping          |     1 |       |       ||     1
  Eat: Chunk             |     4 |     8 |     7 ||    19
       Ration            |       |       |     1 ||     1
Armor: Animal skin       |     8 |       |       ||     8
       Scale mail        |    29 |    79 |    63 ||   171
       Skin              |       |    30 |       ||    30
       Ring mail         |       |       |    13 ||    13
Dodge: Dodged            |    79 |    94 |    68 ||   241
       Rpst.: Falchion   |    29 |    27 |    22 ||    78

Levels and vault maps discovered:
D:1:      sevenhm_arrival_forest_fort_large_4, layout_basic
D:2:      layout_rooms, chequers_temple_overflow_minitemple, first_ration
D:3:      layout_basic, minivault_11
D:4:      layout_basic, lemuel_crystal_altar, minmay_temple_entry_large_hall,
          nicolae_underground_beach, uniq_ijyb
D:5:      layout_loops_ring, lemuel_crystal_altar,
          amethyst_overflow_temple_binary, uniq_pikel
D:6:      layout_loops_cross, fedhas_bush_and_centaur_altar, uniq_eustachio,
          uniq_edmund
D:7:      layout_loops_corners, vehumet_crystals, serial_shops,
          kennysheep_little_box, minmay_misc_feat_chi
D:8:      layout_gridville, lair_entry_dummy, enter_bailey_2
